 Dungeon Crawl Stone Soup version 0.28-a0-1524-ge72afd5fc6 (webtiles) character file.

Game seed: 5436440244163255963

101 Shayle the Sneak (level 4, -9/32 HPs)
             Began as a Vampire Air Elementalist on Jan 17, 2022.
             Mangled by Blork the orc (18 damage)
             ... on level 4 of the Dungeon.
             The game lasted 00:12:47 (2930 turns).

Shayle the Sneak (Vampire Air Elementalist)         Turns: 2930, Time: 00:12:48

Health: -9/32      AC:  2    Str:  7    XL:     4   Next: 48%
Magic:  7/7        EV: 13    Int: 19    God:
Gold:   144        SH:  0    Dex: 14    Spells: 1/7 levels left

rFire   . . .      SeeInvis +   b - +0 dagger
rCold   . . .      Faith    .   (no shield)
rNeg    . . .      Spirit   .   a - +0 robe
rPois   .          Reflect  .   (no helmet)
rElec   .          Harm     .   (no cloak)
rCorr   .          Rampage  .   (no gloves)
Will    .....                   (no boots)
Stlth   +++.......              (no amulet)
HPRegen 0.30/turn               (no ring)
MPRegen 0.10/turn               (no ring)

@: healing quickly
A: alive, fangs 3, see invisible, vampiric 2
a: Exsanguinate


You were on level 4 of the Dungeon.
You visited 1 branch of the dungeon, and saw 6 of its levels.

You collected 144 gold pieces.

Inventory:

Hand Weapons
 b - a +0 dagger (weapon)
Missiles
 f - 6 poisoned darts (quivered)
Armour
 a - a +0 robe (worn)
 e - a +2 buckler
Scrolls
 d - a scroll of noise {unknown}
 g - a scroll of blinking
 i - a scroll of identify
Potions
 c - a potion of haste {unknown}
 h - a potion of flight {unknown}
 k - a potion of might {unknown}
 l - a potion of curing {unknown}


   Skills:
 + Level 1.4 Fighting
 + Level 3.0 Dodging
 + Level 4.4 Stealth
 - Level 0.2 Unarmed Combat
 - Level 2.0 Spellcasting
 + Level 1.0 Conjurations
 + Level 3.5 Air Magic
 + Level 0.8 Earth Magic


You had one spell level left.
You knew the following spells:

 Your Spells              Type           Power      Damage    Failure   Level
a - Shock                 Conj/Air       40%        1d5       7%          1
b - Stone Arrow           Conj/Erth      10%        3d7       34%         3
c - Static Discharge      Conj/Air       10%        N/A       10%         2

Your spell library contained the following spells:

 Spells                   Type           Power      Damage    Failure   Level
 Sandblast                Erth           10%        2d5       12%         1
 Swiftness                Air            15%        N/A       12%         3
 Passwall                 Tmut/Erth      2%         N/A       22%         2
 Sublimation of Blood     Necr           1%         N/A       26%         2
 Wereblood                Tmut           1%         N/A       26%         2
 Airstrike                Air            7%         N/A       36%         4
 Summon Hydra             Summ           0%         N/A       100%        7


Dungeon Overview and Level Annotations

Branches:
Dungeon (6/15)
 Temple: D:4-7

Altars:

Annotations:
D:4 Blork the orc


Innate Abilities, Weirdness & Mutations

Your natural rate of healing is accelerated.
You have razor-sharp teeth.
You have supernaturally acute eyesight. (SInv)
You are afflicted with vampirism and can become a bat while bloodless.


Message History

Found a stone staircase leading down. 3 gnolls come into view.
Found a fizzy pink potion.
Found a stone staircase leading up.
The gnoll shouts!
The water moccasin skeleton bites you. The water moccasin skeleton misses you.
The iguana hisses menacingly.
There is a stone staircase leading up here.
The iguana closely misses you.
The water moccasin skeleton barely misses you.
You climb upwards.
Found a stone staircase leading up.
There is a stone staircase leading down here.
There is a stone staircase leading up here.
The iguana bites you!
You climb upwards.
Found a war axe.
There is a stone staircase leading down here.
You open the door.
Blork the orc, 2 orcs and a water moccasin come into view.
The orc shouts!
Blork the orc shouts!
The orc shouts!
You hear a shout!
The iguana bites you!
Found a purple potion.
The iguana barely misses you.
An orc wizard comes into view. It is wielding a +0 dagger.
There is an open door here.
As you read the scroll labelled ECHIQUU CIOT, it crumbles to dust.
Your body is wracked with pain!
* * * LOW HITPOINT WARNING * * *
Blork the orc convulses!
The water moccasin convulses!
The water moccasin hisses angrily.
The iguana convulses!
The orc convulses! x2; The orc wizard convulses!
It was a scroll of torment.
Blork the orc misses you. The iguana closely misses you.
The orc wizard drinks a potion.
The orc wizard flickers and vanishes for a moment.
As you read the scroll labelled AGACACZ QUCWOZ, it crumbles to dust.
It is a scroll of identify.
g - a scroll of blinking Blork the orc hits you with a +0 glaive!!
Ouch! That really hurt!
You die...

....# #.
#.).# .
#...#.#
....#.
###..#.
!....#+#o#
#l#s....#
#>@oo...+
###S.o..#
.....#
.....#
######


You could see Blork the orc, a water moccasin, a scorpion, an iguana, an orc
wizard (invisible) and 2 orcs.

Vanquished Creatures
  4 adders
  A worm (D:2)
  2 dart slugs (D:1)
  5 ball pythons
  7 bats
  5 endoplasms
  3 giant cockroaches
  4 hobgoblins
  4 jackals (D:2)
  5 frilled lizards
  7 goblins
  3 kobolds
  6 rats
56 creatures vanquished.

Notes
Turn   | Place    | Note
-------+----------+-------------------------------------------
     0 | D:1      | Shayle the Vampire Air Elementalist began the quest for the
                  | Orb.
     0 | D:1      | Reached XP level 1. HP: 13/13 MP: 3/3
   419 | D:1      | Reached XP level 2. HP: 16/20 MP: 5/5
   782 | D:1      | Reached skill level 1 in Fighting
   994 | D:1      | Gained mutation: You are afflicted with vampirism and can
                  | become a bat while bloodless. [Vampire growth]
   994 | D:1      | Reached XP level 3. HP: 26/26 MP: 1/6
  1057 | D:1      | Learned a level 3 spell: Stone Arrow
  1627 | D:2      | Reached skill level 4 in Stealth
  1684 | D:2      | Learned a level 2 spell: Static Discharge
  2068 | D:2      | Reached XP level 4. HP: 32/32 MP: 2/7
  2197 | D:2      | Reached skill level 1 in Conjurations
  2899 | D:3      | You fall into a shaft and drop 3 floors!
  2908 | D:6      | Noticed an ogre
  2923 | D:5      | Entered Level 5 of the Dungeon
  2926 | D:4      | Noticed a scorpion
  2927 | D:4      | Noticed Blork the orc
  2927 | D:4      | Noticed a water moccasin
  2930 | D:4      | Mangled by Blork the orc

Illustrated notes

Levels and vault maps discovered:
D:1:      elethiomel_arrival_infinity_welcomes_careful_drivers, layout_basic
D:2:      layout_loops_cross
D:3:      layout_rooms, shapermc_ecumenical_altar_flowoftime, uniq_jessica
D:4:      layout_basic, uniq_blork_the_orc, uniq_sigmund, uniq_duvessa
D:5:      layout_basic, nicolae_tso_besieged_by_evil,
          minmay_temple_entry_drinking_statues
D:6:      layout_cave_pools, ebering_ghost_sewer_f

Skill      XL: |  1  2  3  4 |
---------------+-------------+-----
Fighting       | 1 |  1.4
Stealth        | 4 |  4.4
Conjurations   | 1 |  1.0
Dodging        | 3 |  3.0
Unarmed Combat | |  0.2
Spellcasting   | |  2.0
Air Magic      | |  3.5
Earth Magic    | |  0.8

Action                   |  1- 3 |  4- 6 || total
-------------------------+-------+-------++-------
Melee: Unarmed           |    16 |       ||    16
       Dagger            |    62 |    13 ||    75
       Bite              |     7 |     3 ||    10
       Punch             |     2 |       ||     2
Throw: Dart              |     5 |       ||     5
 Cast: Shock             |    69 |    16 ||    85
       Static Discharge  |     2 |     2 ||     4
       Stone Arrow       |       |     1 ||     1
  Use: Scroll            |       |     2 ||     2
 Stab: Sleeping          |     6 |     2 ||     8
Armor: Robe              |    17 |     4 ||    21
Dodge: Dodged            |    45 |    23 ||    68

Table legend: (Time is in decaauts)
 A = Elapsed time spent in this place.
 B = Non-inter-level travel time spent in this place.
 C = Inter-level travel time spent in this place.
 D = Time resting spent in this place.
 E = Time spent auto-exploring this place.
 F = Levels seen in this place.
 G = Mean time per level.
                   A        B        C        D        E       F      G
               +--------+--------+--------+--------+--------+-----+--------+
         Total |   2930 |   2840 |     90 |    396 |   1697 |   6 |  488.3 |
       Dungeon |   2930 |   2840 |     90 |    396 |   1697 |   6 |  488.3 |
               +--------+--------+--------+--------+--------+-----+--------+

Top non-repeatable levels by time:
     D:1: 1303 daAuts
     D:2: 1060 daAuts
     D:3: 536 daAuts
     D:6: 23 daAuts
     D:4: 3 daAuts
     D:5: 2 daAuts
